[Event "Late-Titled-Tuesday-Blitz-May-14-2024"]
[Site "Chess.com"]
[Date "2024.05.14"]
[Round "4"]
[White "aceontheturn"]
[Black "ImportedItalianMaple"]
[Result "1-0"]
[WhiteElo "2811"]
[BlackElo "2567"]
[TimeControl "180+1"]
[EndTime "14:39:50 PDT"]
[Termination "aceontheturn won on time"]

1. Nf3 g6 2. c4 Bg7 3. Nc3 d6 4. e4 Nc6 5. d4 e5 6. dxe5 dxe5 7.
Qxd8+ Nxd8 8. Nd5 Ne6 9. Ng5 Nxg5 10. Bxg5 f6 11. Be3 Kd8 12. O-O-O Bd7 13. Be2 c6 14. Nc3 Kc7 15. Rd2 Ne7 16. Rhd1 Rad8 17. Bxa7 Nc8 18. Be3 Bf8 19. a3 Be7 20. c5 Be6 21. Rxd8 Rxd8 22. Rxd8 Bxd8 23. b4 b6 24. Na4 b5 25. Nc3 Ne7 26. f4 exf4 27. Bxf4+ Kb7 28. a4 bxa4 29.
Nxa4 f5 30. Bd3 fxe4 31. Bxe4 Nd5 32. Bd2 Bc7 33. g3 Be5 34. Nb2 Nc3 35. Bxc3 Bxc3 36.
b5 Bd4 37. Nd3 Bc4 38. Bxc6+ Kc7 39. Nb4 Bxc5 40. Na6+ Kb6 41. Nxc5 Kxc5 42. Kd2 Bxb5 43.
Bxb5 Kxb5 44. Ke3 Kc5 45. Kf4 Kd5 46. Kg5 Ke6 47. Kh6 Kf5 48. Kxh7 g5 49. Kh6 Kf6 50.
g4 1-0

[Event "Late-Titled-Tuesday-Blitz-May-14-2024"]
[Site "Chess.com"]
[Date "2024.05.14"]
[Round "4"]
[White "osielchesslover2011"]
[Black "YouShallNotPass001"]
[Result "1/2-1/2"]
[WhiteElo "2242"]
[BlackElo "2489"]
[TimeControl "180+1"]
[EndTime "14:39:51 PDT"]
[Termination "Game drawn - insufficient material"]

1. e4 Nf6 2. Nc3 e5 3. f4 d5 4.
fxe5 Nxe4 5. Nf3 f5 6. d4 Be7 7. Bd3 O-O 8. Bf4 c5 9. dxc5 Nxc5 10. Qe2 Nc6 11. Nxd5 Be6 12. Nxe7+ Qxe7 13. O-O-O Bxa2 14. Bc4+ Bxc4 15. Qxc4+ Ne6 16. Rd6 Nd8 17. Bg5 Qf7 18.
Bxd8 Nxd8 19. Qxf7+ Nxf7 20. Rd7 Rfe8 21. Re1 Nd8 22.
Nd4 g6 23. e6 b6 24. e7 Nf7 25. Ne6 a5 26. Nc7 Rac8 27. Nxe8 Rxe8 28. Red1 Kg7 29.
Rb7 Kf6 30. Rxb6+ Kxe7 31. Re1+ Kf8 32. Rxe8+ Kxe8 33. Ra6 f4 34. Rxa5 h5 35. b4 Nd6 36.
b5 Kd7 37. Ra7+ Kc8 38. b6 h4 39. c4 h3 40. gxh3 f3 41. Ra1 Nxc4 42. Kc2 f2 43. Kd3 Nxb6 44. Ke2 Kd7 45. Kxf2 Nd5 46. Rg1 Ne7 47.
Kf3 Ke6 48. Kg4 Kf6 49. Rf1+ Kg7 50. h4 Nf5 51. h5 Ne3+ 52. Kg5 Nxf1 53. hxg6 Nxh2 54.
Kf5 Nf1 55. Kg5 Nd2 56. Kh5 Nb1 57. Kg5 Na3 58. Kf5 Nb5 59. Kg5 Nc7 60. Kh5 Ne8 61. Kg4 Nd6 62. Kf4 Ne8 63. Kf3 Nf6 64. Kg3 Ng8 65. Kg2 Kf6 66. Kf2 Kf5 67. Kf1 Kg4 68.
Ke1 Kf3 69. Kd1 Ke3 70. Kc1 Kd3 71. Kd1 Ke3 72. Ke1 Kf3 73. Kf1 Kf4 74. g7 Kg5 75.
Ke1 Kg6 76. Kd1 Kf7 77. Ke1 Kxg7 1/2-1/2

[Event "Late-Titled-Tuesday-Blitz-May-14-2024"]
[Site "Chess.com"]
[Date "2024.05.14"]
[Round "4"]
[White "LUISMIGUELOV"]
[Black "Siemba"]
[Result "0-1"]
[WhiteElo "2232"]
[BlackElo "2492"]
[TimeControl "180+1"]
[EndTime "14:39:51 PDT"]
[Termination "Siemba won on time"]

1. d4 Nf6 2. c3 b6 3. Bg5 Bb7 4. Nd2 e6 5. e4 Be7 6. e5 Nd5 7.
Bxe7 Qxe7 8. Ngf3 O-O 9. Bd3 Nf4 10. Bf1 c5 11. g3 Ng6 12. h4 cxd4 13. cxd4 Nc6 14.
h5 Ngxe5 15. dxe5 Nxe5 16. Bg2 Nd3+ 17. Kf1 Qc5 18. Qe2 Ba6 19. Kg1 Rac8 20. Ne4 Qc2 21. Qxc2 Rxc2 22. h6 f5 23. hxg7 Kxg7 24. Neg5 h6 25. Nh3 Rfc8 26. b3 Rb2 27. Bf1 Bb7 28. Bg2 Bxf3 29. Bxf3 Rcc2 30. Rh2 Rxa2 31. Rxa2 Rxa2 32. Rh1 Ra1+ 33. Kg2 Ne1+ 34. Rxe1 Rxe1 35. Nf4 Rb1 36. Nd3 Rxb3 37. Ne5 d5 38. Nc6 a5 39. Bd1 Rd3 40. Be2 Rd2 41. Kf3 a4 42. Nb4 a3 43.
Ke3 a2 44. Kxd2 a1=Q 45. Nc2 Qb2 46. Bd3 b5 47. Kd1 b4 48. Nxb4 Qxb4 49. Be2 d4 50. Bd3 Qc3 51. Ke2 Kf6 52. f4 Qb2+ 53. Kf3 Qd2 0-1

[Event "Late-Titled-Tuesday-Blitz-May-14-2024"]
[Site "Chess.com"]
[Date "2024.05.14"]
[Round "4"]
[White "azikom"]
[Black "TheAlienParty"]
[Result "1-0"]
[WhiteElo "2700"]
[BlackElo "2429"]
[TimeControl "180+1"]
[EndTime "14:39:52 PDT"]
[Termination "azikom won by resignation"]

1. d4 Nf6 2. c4 e6 3. Nc3 Bb4 4. e3 O-O 5. Ne2 d5 6. a3 Be7 7. Ng3 dxc4 8. Bxc4 c5 9. d5 exd5 10. Nxd5 Nxd5 11. Bxd5 Qc7 12. O-O Rd8 13. Qh5 g6 14. Qf3 Nc6 15. Qxf7+ Kh8 16. Bxc6 bxc6 17. b4 Qe5 18.
Bb2 Qxb2 19. Qxe7 Ba6 20. Rfb1 Qg7 21. Qxc5 Bd3 22. Rc1 h5 23. h4 Rac8 24. Qc3 Bb5 25. Qxg7+ Kxg7 26. Ne4 Bd3 27. Nc5 Bf5 28. Ra2 Kf6 29. e4 Be6 30. Nxe6 Kxe6 31. Rc5 Rd4 32. f3 Rd1+ 33. Kh2 Kd6 34. Kg3 Re8 35. Ra5 Re7 36.
Rc2 Rc7 37. Rg5 Rg7 38. Rgc5 Rc7 39. b5 Ra1 40. Rxc6+ Rxc6 41. Rxc6+ Ke5 42. Ra6 Rb1 43. a4 Kd4 44. Rxa7 Ke3 45. Rc7 Ke2 46. Rc2+ Kf1 47. Ra2 Kg1 48. Kf4 Kh2 49. Kg5 Kg3 50. e5 Rb4 51. Kxg6 Kxh4 52. e6 Rb1 53. e7 Re1 54. Kf7 Kg3 55. e8=Q 1-0

[Event "Late-Titled-Tuesday-Blitz-May-14-2024"]
[Site "Chess.com"]
[Date "2024.05.14"]
[Round "4"]
[White "Balla_Tamas"]
[Black "Fjal"]
[Result "1-0"]
[WhiteElo "2529"]
[BlackElo "2341"]
[TimeControl "180+1"]
[EndTime "14:39:53 PDT"]
[Termination "Balla_Tamas won on time"]

1. Nf3 Nf6 2. b3 g6 3. Bb2 Bg7 4. e3 d5 5. c4 c6 6. Nc3 O-O 7. Be2 a6 8. O-O Re8 9. d4 Nbd7 10. Re1 e5 11. cxd5 exd4 12. dxc6 dxc3 13. cxd7 Nxd7 14. Ba3 Ne5 15. Rc1 b5 16. Nxe5 Bxe5 17. Bf3 Ra7 18. Bb4 Rd7 19. Qc2 Rd2 20. Qb1 Rb2 21.
Qa1 c2 22. a4 Qh4 23. Bd6 Rb1 24. Bxe5 Rxa1 25. Bxa1 Bf5 26. e4 Be6 27. axb5 Bxb3 28. bxa6 Ra8 29. Re3 Qg5 30. h4 Qb5 31. Be2 Qb4 32.
Bc3 Qa4 33. e5 Rc8 34. Bd2 Qd4 35. Rd3 Qxe5 36. Be3 Ba4 37. a7 Qb2 38. Bf3 Re8 39.
a8=Q Rxa8 40. Bxa8 h5 41. Rd8+ Kg7 42. Bd4+ 1-0

[Event "Late-Titled-Tuesday-Blitz-May-14-2024"]
[Site "Chess.com"]
[Date "2024.05.14"]
[Round "4"]
[White "sergoy"]
[Black "Zq1"]
[Result "1-0"]
[WhiteElo "3003"]
[BlackElo "2613"]
[TimeControl "180+1"]
[EndTime "14:39:55 PDT"]
[Termination "sergoy won by resignation"]

1. d4 Nf6 2. c4 a6 3. Nc3 c5 4. d5 b5 5. e3 b4 6. Na4 d6 7. Nf3 g6 8. b3 Bg7 9. Bb2 O-O 10. Bd3 Bd7 11. O-O Bxa4 12. bxa4 Nbd7 13. h3 a5 14. e4 Qc7 15. Re1 e5 16. dxe6 fxe6 17. e5 dxe5 18.
Nxe5 Rad8 19. Qe2 Nh5 20. Nxg6 hxg6 21. Qxe6+ Kh8 22. Qxg6 Ndf6 23. Re5 Nf4 24. Qg3 Nxd3 25. Rh5+ Nxh5 26. Qxc7 Bxb2 27. Rd1 Bd4 28. Qe7 Rxf2 29. Kh2 Bf6 30. Qe3 Be5+ 31. Kg1 Rf6 32. Rxd3 Rxd3 33. Qxd3 Bd4+ 34. Kh2 Kg7 35. Qe4 Nf4 36. h4 Ng6 37. g3 Rf2+ 38. Kh3 Rf7 39. Qa8 Ne5 40. Qxa5 Rf1 41. Qc7+ Kf6 42. Qd8+ Kg7 43. Qe7+ Kg6 44. Qe6+ Kg7 45. Qe7+ Kg6 46. Qd6+ Kg7 47. Qc7+ Kg6 48. Qb6+ Kg7 49. Qb7+ Kg6 50. a5 Nf3 51. a6 Rf2 52.
Qe4+ Kg7 53. a7 Ng1+ 54. Kg4 Rf8 55. a8=Q 1-0

[Event "Late-Titled-Tuesday-Blitz-May-14-2024"]
[Site "Chess.com"]
[Date "2024.05.14"]
[Round "4"]
[White "FLamps8"]
[Black "bobo_panda"]
[Result "1-0"]
[WhiteElo "2678"]
[BlackElo "2439"]
[TimeControl "180+1"]
[EndTime "14:39:55 PDT"]
[Termination "FLamps8 won by checkmate"]

1. d4 Nf6 2. Bf4 d5 3. Nc3 c5 4.
e3 cxd4 5. exd4 a6 6. Nf3 Nc6 7. Ne5 Bf5 8. g4 Bg6 9. h4 Nxe5 10. dxe5 Ne4 11. h5 Nxc3 12. bxc3 Qa5 13. hxg6 Qxc3+ 14. Bd2 Qxe5+ 15. Be3 Qc3+ 16. Bd2 Qe5+ 17. Be2 fxg6 18. Rb1 b5 19. a4 e6 20. axb5 Bc5 21. Bb4 Bxb4+ 22. Rxb4 Qc3+ 23. Qd2 Qa1+ 24. Bd1 axb5 25. Rf4 Qe5+ 26. Qe3 Qxe3+ 27. fxe3 Ra1 28. O-O Ra4 29. Be2 Rxf4 30. Bxb5+ Ke7 31. exf4 Rc8 32. Bd3 Rb8 33. Kg2 Rb4 34. Kg3 Kf6 35. g5+ Kf7 36. Rh1 Kg8 37.
Ra1 Rb8 38. Ra7 Kf8 39. Kf3 Rb1 40. Ke3 Re1+ 41. Kd4 Kg8 42. Kc5 e5 43. Re7 e4 44.
Kxd5 e3 45. Kd4 h5 46. Bxg6 Rd1+ 47. Kc3 Rd8 48. Rxe3 Rc8+ 49. Kd2 Rd8+ 50. Ke2 Rc8 51. Re8+ Rxe8+ 52. Bxe8 h4 53. Kf3 Kf8 54. Bh5 Ke7 55. Kg4 Kd6 56. Kxh4 Kd5 57. Kg4 Ke4 58. f5 Ke5 59. c4 Kd6 60. Kf4 Kd7 61. Ke5 Kc6 62.
f6 gxf6+ 63. gxf6 Kd7 64. c5 Kc7 65. f7 Kd7 66. f8=Q Kc7 67. Qd6+ Kb7 68. Qb6+ Ka8 69. Qb5 Ka7 70. Kd6 Ka8 71. Kc7 Ka7 72. Qa5# 1-0

[Event "Late-Titled-Tuesday-Blitz-May-14-2024"]
[Site "Chess.com"]
[Date "2024.05.14"]
[Round "4"]
[White "Kacparov"]
[Black "DreamsAreFake"]
[Result "1-0"]
[WhiteElo "2926"]
[BlackElo "2761"]
[TimeControl "180+1"]
[EndTime "14:39:57 PDT"]
[Termination "Kacparov won by resignation"]

1. e4 c6 2. d4 d5 3. e5 c5 4. dxc5 e6 5. Be3 Nd7 6. Bb5 Qc7 7.
Nf3 Bxc5 8. Bxc5 Qxc5 9. Nc3 Ne7 10. Qd4 Qc7 11. O-O-O O-O 12. Bxd7 Bxd7 13. Kb1 Rfc8 14. h4 Qa5 15. Nd2 Nf5 16. Qd3 d4 17. Nb3 Qxe5 18.
Nxd4 Nxd4 19. Qxd4 Qxd4 20. Rxd4 Bc6 21. f3 Rd8 22.
Rhd1 Rxd4 23. Rxd4 Kf8 24. b4 e5 25. Rd2 f6 26. a4 Rc8 27. Kb2 Be8 28. g3 Ke7 29. Nd5+ Ke6 30. b5 a6 31. Nb6 Rc5 32. c4 Ke7 33. Kb3 a5 34. Kc3 h6 35. f4 exf4 36.
Nd5+ Kf7 37. Kd4 Rc8 38. gxf4 Bd7 39. Nb6 Rc7 40. c5 Bf5 41. Kd5 g5 42. hxg5 hxg5 43. fxg5 Re7 44. Kd6 Re4 45. Rf2 Re6+ 46. Kc7 Re7+ 47.
Kb8 Re5 48. c6 bxc6 49. bxc6 Re8+ 50. Kb7 Re7+ 51. c7 Kg6 52. gxf6 Kxf6 53. Nd5+ 1-0

[Event "Late-Titled-Tuesday-Blitz-May-14-2024"]
[Site "Chess.com"]
[Date "2024.05.14"]
[Round "4"]
[White "lachesisQ"]
[Black "artin10862"]
[Result "0-1"]
[WhiteElo "3105"]
[BlackElo "2879"]
[TimeControl "180+1"]
[EndTime "14:40:00 PDT"]
[Termination "artin10862 won by resignation"]

1. e4 e5 2. Nf3 Nc6 3. Bb5 a6 4. Ba4 Nf6 5. O-O b5 6. Bb3 Bc5 7. a4 Rb8 8. Nxe5 Nxe5 9. axb5 axb5 10. d4 Bxd4 11. Qxd4 d6 12. f4 Nc6 13. Qd1 O-O 14.
Nc3 Be6 15. Bxe6 fxe6 16. Qd3 Qd7 17. h3 b4 18. Ne2 Rfd8 19. Ng3 e5 20. f5 d5 21. Ra6 Rb6 22. Rxb6 cxb6 23. Rd1 dxe4 24. Qc4+ Qf7 25. Rxd8+ Nxd8 26. Qxb4 Qc7 27. Qb3+ Kf8 28.
Be3 Nc6 29. Bxb6 Qd6 30. Kh2 Nd4 31. Qa3 Qxa3 32. bxa3 Nxc2 33. a4 Ke8 34. a5 Kd7 35. a6 Kc6 36. Bc5 e3 37. Bf8 Ne4 38. Nxe4 e2 39. a7 Kb7 40. Nc5+ Kxa7 41. Nd3 e4 42. Ne1 Nxe1 43. Bxg7 Nf3+ 44. Kg3 e1=Q+ 45. Kf4 Nd2 46. Bd4+ Kb7 47. f6 Qf1+ 48. Ke5 Kc6 49. g4 Nf3+ 0-1

[Event "Late-Titled-Tuesday-Blitz-May-14-2024"]
[Site "Chess.com"]
[Date "2024.05.14"]
[Round "4"]
[White "oskariot"]
[Black "TigrVShlyape"]
[Result "1-0"]
[WhiteElo "2788"]
[BlackElo "2946"]
[TimeControl "180+1"]
[EndTime "14:40:01 PDT"]
[Termination "oskariot won on time"]

1. e4 c5 2. Nf3 e6 3. g3 a6 4. Bg2 b5 5. O-O Bb7 6. Re1 Ne7 7. c3 c4 8. b3 Ng6 9. bxc4 bxc4 10. Na3 d5 11. Rb1 Qd7 12. Rxb7 Qxb7 13. exd5 Bc5 14. Qa4+ Kf8 15. Qxc4 Qxd5 16. Qa4 Qd7 17. Qa5 Qe7 18. d4 Bd6 19. Ng5 Ra7 20. Nc4 Bc7 21. Qa4 Kg8 22. Ne4 h6 23. Ba3 Qd7 24. Qb3 Qb5 25. Bc5 Qxb3 26.
axb3 Rb7 27. Nf6+ gxf6 28. Bxb7 Kg7 29. Ra1 Nd7 30. Rxa6 Rb8 31. Ra7 Nxc5 32. dxc5 Ne5 33. Nxe5 Bxe5 34. c6 Rd8 35. f4 Rd1+ 36. Kg2 Bd6 37.
Ra2 Rd3 38. Rc2 Bc7 39. b4 Kf8 40. Ba6 Rd1 41. Be2 Rd8 42. c4 Rb8 43. b5 Ke7 44. c5 f5 45. b6 1-0

[Event "Late-Titled-Tuesday-Blitz-May-14-2024"]
[Site "Chess.com"]
[Date "2024.05.14"]
[Round "4"]
[White "Umumba_FM"]
[Black "Godzillator"]
[Result "1-0"]
[WhiteElo "2673"]
[BlackElo "2423"]
[TimeControl "180+1"]
[EndTime "14:40:01 PDT"]
[Termination "Umumba_FM won on time"]

1. Nc3 d5 2. e4 c6 3. Qf3 d4 4.
Bc4 e6 5. Nce2 c5 6. d3 Nc6 7.
Qg3 a6 8. a4 g6 9. f4 Bg7 10. Nf3 Nge7 11. O-O O-O 12. Bd2 Qc7 13. h4 Bd7 14. h5 Rab8 15. hxg6 hxg6 16. Kf2 e5 17.
Rh1 b5 18. axb5 axb5 19. Qh4 Rfe8 20. Qh7+ Kf8 21. Ba2 c4 22. f5 gxf5 23. Bh6 Ng6 24. Qxg7+ Ke7 25. Bg5+ Kd6 26. Qxf7 Re6 27. dxc4 Rf8 28.
c5+ Kxc5 29. Qg7 fxe4 30. Bxe6 exf3 31. gxf3 e4 32. Qxd7 Rxf3+ 33. Ke1 Qxd7 34. Bxd7 Nce5 35. Be8 d3 36. Bxg6 Nxg6 37. cxd3 exd3 38. Nc3 Ne5 39.
Bd2 Nc4 40. b3 Ne5 41. Ra8 b4 42. Rc8+ Kd6 43. Nb5+ Kd7 44. Rc5 Ng4 45. Rg5 Nf2 46. Rh7+ Ke6 47. Rh6+ Kf7 48. Rc5 Ne4 49. Rc7+ Kg8 50.
Rg6+ Kh8 51. Bh6 d2+ 52. Bxd2 1-0

[Event "Late-Titled-Tuesday-Blitz-May-14-2024"]
[Site "Chess.com"]
[Date "2024.05.14"]
[Round "4"]
[White "Yaacovn"]
[Black "ChadBiryani"]
[Result "0-1"]
[WhiteElo "2753"]
[BlackElo "2562"]
[TimeControl "180+1"]
[EndTime "14:40:02 PDT"]
[Termination "ChadBiryani won by resignation"]

1. d4 d5 2. Nf3 Bf5 3. c3 c6 4.
Bf4 Nd7 5. e3 Ngf6 6. Nbd2 h6 7.
Ne5 e6 8. Be2 Nxe5 9. Bxe5 Bd6 10. Bg3 O-O 11. Rc1 Re8 12. Qb3 b5 13. a4 a6 14. Bxd6 Qxd6 15. O-O Reb8 16. axb5 axb5 17. Ra1 Nd7 18. Qb4 Qc7 19. Nb3 e5 20. h3 Bc2 21.
Nc5 exd4 22. cxd4 Qd8 23. Rfc1 Bf5 24. Rxa8 Rxa8 25. Nb7 Qc7 26. Nd6 Bg6 27. Bg4 Nf6 28. Qc5 Nxg4 29. hxg4 Ra6 30. Nxb5 Qa5 31. Nd6 Qd2 32.
Qc3 Qe2 33. Re1 Qxg4 34. b4 Ra2 35. Qxc6 Qh4 36. Rf1 Bd3 37. Qe8+ Kh7 38. Qxf7 Bxf1 39. Qf5+ Kh8 40. Qf8+ Kh7 41. Qf5+ Kh8 42. Qf8+ Kh7 43. Ne8 Qg5 44. Kxf1 Ra1+ 45. Ke2 Qg4+ 46. Kd2 Qd1+ 47. Kc3 Rc1+ 48. Kb2 Qc2+ 0-1

[Event "Late-Titled-Tuesday-Blitz-May-14-2024"]
[Site "Chess.com"]
[Date "2024.05.14"]
[Round "4"]
[White "Rutricks"]
[Black "egnfanclub"]
[Result "0-1"]
[WhiteElo "2640"]
[BlackElo "2383"]
[TimeControl "180+1"]
[EndTime "14:40:03 PDT"]
[Termination "egnfanclub won by resignation"]

1. f4 e5 2. fxe5 d6 3. e4 Qh4+ 4. Ke2 Qxe4+ 5. Kf2 dxe5 6. d4 Qxd4+ 7. Qxd4 exd4 8.
Nf3 Nc6 9. Bf4 Bf5 10. Bb5 O-O-O 11. Bxc6 bxc6 12. Ne5 Bd6 13. Bg3 Bxe5 14. Bxe5 f6 15. Bf4 g5 16. Bd2 Bxc2 17. Na3 Be4 18. Rac1 Ne7 19.
Rhe1 f5 20. Bxg5 Rde8 21. Nc2 Rhg8 22. Bxe7 Rxg2+ 23. Kf1 Rxc2 24. Rxc2 Bxc2 25. Bc5 Rd8 26. Ke2 Be4 27. Rg1 d3+ 28. Kd2 Rd5 29. Bxa7 Ra5 30. Bd4 Rxa2 31. Rg7 c5 32. Be5 c6 33. Rxh7 Ra1 34. Bd6 Rg1 35. Bf4 Rg2+ 36. Kc3 Rc2+ 37. Kb3 Rf2 38. Be3 Rf3 39. Bd2 Rf2 40. Kc3 Rg2 41.
h4 f4 42. Rf7 f3 43. h5 Rh2 44. h6 Kd8 45. Rf4 Bh7 46. Kc4 Rxd2 47. Rf7 Rc2+ 48.
Kb3 d2 49. Rxh7 d1=Q 50. Rh8+ Ke7 51. Ka3 Qa1+ 0-1

[Event "Late-Titled-Tuesday-Blitz-May-14-2024"]
[Site "Chess.com"]
[Date "2024.05.14"]
[Round "4"]
[White "MarkusRagger"]
[Black "Akhayan"]
[Result "1-0"]
[WhiteElo "2810"]
[BlackElo "2440"]
[TimeControl "180+1"]
[EndTime "14:40:03 PDT"]
[Termination "MarkusRagger won on time"]

1. d4 Nf6 2. Nf3 g6 3. c4 Bg7 4. Nc3 d5 5. cxd5 Nxd5 6. e4 Nxc3 7. bxc3 O-O 8. Be2 c5 9. O-O Bg4 10. Be3 cxd4 11. cxd4 Nc6 12. d5 Bxf3 13. Bxf3 Na5 14. Rc1 a6 15. Bc5 b5 16. d6 exd6 17. Bxd6 Re8 18.
e5 Rc8 19. Rxc8 Qxc8 20. Bg4 Qd8 21. f4 Nc4 22. Bc5 Qc7 23. Bf2 Rd8 24. Qe2 h5 25.
Bf3 Nd2 26. Re1 Nxf3+ 27. Qxf3 Qd7 28. e6 fxe6 29. Qe4 Qf7 30. h3 Kh7 31. Bg3 Re8 32.
Kh2 Qf5 33. Qc6 Re7 34. Qxa6 h4 35. Bxh4 Qxf4+ 36. Bg3 Qf5 37. Qd6 Re8 38. Qd7 Rf8 39.
Qxe6 Qxe6 40. Rxe6 Ra8 41. Re7 Kg8 42. Rb7 Rxa2 43.
Rxb5 Ra6 44. Rb7 Re6 45. Bf4 Rc6 46. Kg3 Re6 47. Kf3 Bf8 48. h4 Rc6 49. g3 Rc3+ 50. Kg4 Rc6 51. Kg5 Ra6 52. Rd7 Rc6 53. Be5 Re6 54. Bf6 Rc6 55. Kxg6 1-0

[Event "Late-Titled-Tuesday-Blitz-May-14-2024"]
[Site "Chess.com"]
[Date "2024.05.14"]
[Round "4"]
[White "GothamChess"]
[Black "lucasran"]
[Result "0-1"]
[WhiteElo "2767"]
[BlackElo "2568"]
[TimeControl "180+1"]
[EndTime "14:40:04 PDT"]
[Termination "lucasran won on time"]

1. e4 c6 2. d4 d5 3. f3 g6 4. Nc3 Bg7 5. Be3 Qb6 6. Bd3 Qxb2 7.
Nge2 dxe4 8. fxe4 e5 9. Rb1 Qa3 10. d5 Nf6 11. Rb3 Qa5 12. h3 cxd5 13. Rb5 Qd8 14.
Nxd5 Nxd5 15. Rxd5 Qc7 16. Bc5 Be6 17. Bb5+ Nc6 18.
O-O a6 19. Ba4 b5 20. Bb3 Bxd5 21. exd5 Nd4 22. Bxd4 exd4 23. d6 Qxd6 24. Rxf7 Be5 25. Qf1 Rf8 26. Qf3 Ra7 27. Rxf8+ Qxf8 28. Qc6+ Kd8 29.
Be6 Rc7 30. Qxa6 Qd6 31. Qa8+ Ke7 32. Bb3 Qd8 33. Qe4 Kf6 34. Nf4 Bxf4 35. Qxf4+ Kg7 36. Qe5+ Kh6 37. h4 d3 38. cxd3 Rg7 39. Qe3+ g5 40. Qe6+ Rg6 41. Qf5 gxh4 42. Bf7 Qg5 43. Bxg6 hxg6 44.
Qxb5 Qxb5 0-1

[Event "Late-Titled-Tuesday-Blitz-May-14-2024"]
[Site "Chess.com"]
[Date "2024.05.14"]
[Round "4"]
[White "Sanyura"]
[Black "urano56"]
[Result "0-1"]
[WhiteElo "2650"]
[BlackElo "2434"]
[TimeControl "180+1"]
[EndTime "14:40:05 PDT"]
[Termination "urano56 won by resignation"]

1. Nf3 d5 2. g3 Nf6 3. Bg2 e6 4.
O-O Be7 5. d3 O-O 6. Nbd2 Nc6 7.
e4 e5 8. exd5 Nxd5 9. Nc4 f6 10.
c3 Bg4 11. a4 Qd7 12. Qb3 Rab8 13. Re1 Kh8 14. Ne3 Nxe3 15. Bxe3 Qxd3 16. Rad1 Qf5 17. Nh4 Qc8 18. Bd5 Na5 19. Qc2 f5 20. Ng2 Nc6 21. f3 Bh3 22. Qd2 Qe8 23. Bg5 Bc5+ 24. Kh1 Qh5 25.
Qe2 Qxg5 26. f4 Bxg2+ 27. Qxg2 exf4 28. Bxc6 bxc6 29. b4 Be3 30. gxf4 Qxg2+ 31. Kxg2 Bxf4 32. Re6 Bd6 33. Rde1 Kg8 34. a5 Kf7 35. R6e2 Rbe8 36. Rxe8 Rxe8 37. Rc1 g6 38. Kf3 Re4 39. c4 Bxb4 40.
Rd1 Bd6 41. c5 Bxc5 42. Rd7+ Ke6 43. Rxc7 Kd6 44. Rxh7 Ra4 45. Rg7 Rxa5 46. Rxg6+ Kd5 47. Rf6 Bd6 48. Rxf5+ Be5 49. h4 Ra4 50. h5 Rh4 51. Kg2 Ke6 52. Rg5 a5 53. Rg6+ Kd5 54. h6 a4 55. Rg4 Rxg4+ 0-1

[Event "Late-Titled-Tuesday-Blitz-May-14-2024"]
[Site "Chess.com"]
[Date "2024.05.14"]
[Round "4"]
[White "Savagelittlemole"]
[Black "AlexOstrovskiy"]
[Result "1/2-1/2"]
[WhiteElo "2513"]
[BlackElo "2717"]
[TimeControl "180+1"]
[EndTime "14:40:07 PDT"]
[Termination "Game drawn by repetition"]

1. e4 d5 2. exd5 Nf6 3. Nc3 Nxd5 4. Nf3 Nxc3 5. bxc3 g6 6. Bc4 Bg7 7. h3 c5 8. O-O O-O 9. d4 Nc6 10. Be3 cxd4 11. cxd4 Bf5 12. c3 Rc8 13. Bd3 Bxd3 14. Qxd3 Na5 15. Nd2 Qd5 16. Rfb1 Nc4 17. Nxc4 Rxc4 18.
Rxb7 Rxc3 19. Qxc3 Qxb7 20. Qb3 Rb8 21. Rb1 Qxb3 22. Rxb3 Rxb3 23. axb3 f5 24. Kf1 Kf7 25. Ke2 Ke6 26. d5+ Kxd5 27. Bxa7 e5 28. f3 Bf8 29.
Bg1 h5 30. g4 Be7 31. Be3 Bd6 32. Bf2 e4 33. Ba7 Ke5 34. Be3 Kd5 35. Ba7 Bb4 36. Be3 Be7 37. Bb6 Ke5 38. Be3 Bf8 39. Bd2 Kd4 40. Be1 Bd6 41. Ba5 Bf4 42. Be1 Bc7 43. Bd2 Bd6 44. Ba5 Bf8 45. Be1 Ke5 46. Bd2 Be7 47.
Be3 Kd5 48. Bd2 Kd4 49. Ba5 Bd6 50. Be1 f4 51. Ba5 e3 52. Be1 Be7 53. Ba5 Bd6 54. Be1 Bc7 55. Bb4 Bb8 56. Ba5 Bd6 1/2-1/2

[Event "Late-Titled-Tuesday-Blitz-May-14-2024"]
[Site "Chess.com"]
[Date "2024.05.14"]
[Round "4"]
[White "BestestBP"]
[Black "PabloZarnicki"]
[Result "0-1"]
[WhiteElo "2182"]
[BlackElo "2560"]
[TimeControl "180+1"]
[EndTime "14:40:07 PDT"]
[Termination "PabloZarnicki won by checkmate"]

1. c4 Nf6 2. Nc3 g6 3. d4 Bg7 4.
Nf3 d6 5. g3 O-O 6. Bg2 c6 7.
O-O Bf5 8. Ne1 Qc8 9. e4 Bh3 10. Nf3 Bxg2 11. Kxg2 b5 12. cxb5 cxb5 13. e5 dxe5 14.
dxe5 Ng4 15. Nxb5 Qb7 16. Nd4 Rd8 17. Qb3 Qxb3 18. Nxb3 Nxe5 19. Nxe5 Bxe5 20. Re1 Nc6 21. Bg5 Bxb2 22. Rab1 Bf6 23. Bxf6 exf6 24. Rbc1 Ne5 25.
Rc7 a5 26. f4 Nd3 27. Ree7 Rf8 28. a4 Nb4 29. Red7 f5 30. Rb7 Ra6 31. Nxa5 Nc2 32.
Nc4 Rxa4 33. Ne5 Ne3+ 34. Kf3 Ra3 35. Nxf7 Ng4+ 36. Kg2 Ra2+ 37. Kg1 Rc8 38. Rdc7 Rxc7 39. Rxc7 Nxh2 40. Nh6+ Kf8 41. Rf7+ Ke8 42. Rxh7 Nf3+ 43. Kf1 Rh2 44. Rh8+ Kd7 45. Rh7+ Kc6 46. Rh8 Kd5 47. Nf7 Ra2 48. Rd8+ Ke4 49. Re8+ Kd3 50. Rd8+ Nd4 51. Ne5+ Ke4 52. Nxg6 Kf3 53. Rd5 Ra1# 0-1

[Event "Late-Titled-Tuesday-Blitz-May-14-2024"]
[Site "Chess.com"]
[Date "2024.05.14"]
[Round "4"]
[White "SharathRk6"]
[Black "Bastiandash"]
[Result "1-0"]
[WhiteElo "2503"]
[BlackElo "2694"]
[TimeControl "180+1"]
[EndTime "14:40:09 PDT"]
[Termination "SharathRk6 won by checkmate"]

1. e4 c5 2. Nf3 e6 3. d4 cxd4 4.
Nxd4 a6 5. Nc3 b5 6. Be3 Bb7 7. f3 Qc7 8. Qd2 Nf6 9. Be2 d5 10.
exd5 b4 11. Ne4 Nxd5 12. Bf2 Nd7 13. O-O Be7 14. c4 bxc3 15. Nxc3 Bd6 16. h3 Bh2+ 17. Kh1 Bf4 18. Nxd5 Bxd5 19. Qc2 Qb7 20. Bc4 O-O 21. Bxd5 Qxd5 22. Qb3 Qh5 23. Rad1 Nc5 24. Qc4 Rfc8 25. Qe2 e5 26. Nc2 Ne6 27. Ne3 Nd4 28. Qd3 Qg6 29. Qxg6 hxg6 30. Nd5 Ne6 31. Ne7+ Kh7 32. Nxc8 Rxc8 33.
Rd7 f5 34. Rd6 Nf8 35. Rxa6 Rc2 36. b4 e4 37. fxe4 fxe4 38. Bd4 g5 39. g3 Ng6 40. Rxg6 Kxg6 41. gxf4 Rxa2 42. f5+ Kf7 43. b5 Ra4 44. Be3 Rb4 45. b6 Kf6 46. Kg2 Rb3 47. Re1 Kxf5 48.
Bd4 g6 49. Rf1+ Ke6 50. Rf6+ Kd5 51. Bg1 e3 52. Rxg6 Rb2+ 53. Kf3 e2 54. Bf2 e1=Q 55. Bxe1 Ke5 56. Bc3+ Kf5 57. Rf6# 1-0

[Event "Late-Titled-Tuesday-Blitz-May-14-2024"]
[Site "Chess.com"]
[Date "2024.05.14"]
[Round "4"]
[White "XeresLt"]
[Black "DonPreuss"]
[Result "1/2-1/2"]
[WhiteElo "2468"]
[BlackElo "2194"]
[TimeControl "180+1"]
[EndTime "14:40:10 PDT"]
[Termination "Game drawn - insufficient material"]

1. e4 Nc6 2. d4 e5 3. d5 Nce7 4.
c4 Ng6 5. Nc3 Bc5 6. a3 d6 7. h3 a6 8. Be2 N8e7 9. Bg4 O-O 10.
Nf3 f5 11. exf5 Bxf5 12. Bxf5 Nxf5 13. Ne4 Ba7 14. b4 Nfh4 15. Nxh4 Nxh4 16. Qg4 Ng6 17. O-O Bd4 18. Ra2 Nf4 19. Be3 Ba7 20. Bxa7 Rxa7 21. g3 Ng6 22. Ng5 Rf6 23. Ne6 Qe7 24. h4 Ra8 25.
Re2 Nf8 26. Ng5 h6 27. Ne4 Rf7 28. f4 Nh7 29. fxe5 Rxf1+ 30. Kxf1 Rf8+ 31. Nf2 dxe5 32.
Qe4 Nf6 33. Qf5 Qd7 34. Qxd7 Nxd7 35. Kg2 a5 36. Nd3 axb4 37. axb4 Re8 38. Re4 Kf7 39. c5 Kf6 40. g4 g5 41. hxg5+ hxg5 42. Kg3 Ra8 43.
c6 bxc6 44. dxc6 Ra3 45. Re3 Nb6 46. Rf3+ Ke7 47. Nxe5 Rxf3+ 48. Nxf3 Nd5 49. Nxg5 Nxb4 50. Ne4 Nxc6 51. Kf4 Kf7 52. Nc5 Ne7 53. g5 Ng6+ 54.
Kf5 Nh4+ 55. Ke5 Nf3+ 56. Kf4 Nxg5 57. Kxg5 Ke7 58. Kf5 Kd6 59. Ne4+ Kc6 60. Ke5 Kb5 61.
Kd4 c5+ 62. Nxc5 1/2-1/2

[Event "Late-Titled-Tuesday-Blitz-May-14-2024"]
[Site "Chess.com"]
[Date "2024.05.14"]
[Round "4"]
[White "Ali_rastbod"]
[Black "BilodeauA"]
[Result "1/2-1/2"]
[WhiteElo "2722"]
[BlackElo "2900"]
[TimeControl "180+1"]
[EndTime "14:40:12 PDT"]
[Termination "Game drawn by repetition"]

1. e4 c5 2. Nf3 Nc6 3. Bc4 Nf6 4. d3 e6 5. O-O d5 6. exd5 exd5 7.
Bb5 Be7 8. Ne5 Qb6 9. Nc3 O-O 10.
Bxc6 bxc6 11. Re1 Be6 12. b3 c4 13. Na4 Qa6 14. dxc4 dxc4 15. Bb2 Rad8 16. Qf3 Bd5 17. Qh3 cxb3 18. axb3 Qb7 19. Nd3 Rfe8 20. Nac5 Qb6 21. Ra6 Qc7 22. Rea1 Ra8 23. Be5 Qd8 24. Bb2 Qc7 25. c4 Be4 26. Nxe4 Nxe4 27. Qf3 Bf8 28. h4 f6 29. R1a5 c5 30. Ra1 Qb7 31. Nf4 Qf7 32. Nd5 Nd2 33. Qd3 Ne4 34. f3 Ng3 35.
Kh2 Ne2 36. Qd2 Qh5 37. Kh3 Rad8 38. Re1 Rxd5 39. Qxd5+ Qxd5 40. cxd5 Nf4+ 41. Kg4 Rxe1 42. Kxf4 Rd1 43. Rxa7 Rxd5 44. Ra8 Kf7 45. Ke3 Rd1 46.
Ra7+ Be7 47. Ba3 Ke6 48. Ra6+ Kf7 49. Ra7 Ke6 50. Ra6+ Kd7 51. Ra7+ Ke8 52. Ra8+ Kd7 53. Ra7+ Ke6 1/2-1/2